 Dungeon Crawl Stone Soup version 0.29.1-4-g47bece8355 (webtiles) character file.

Game seed: 12520502714358951325

267 KittyFluff the Trooper (level 6, -6/60 HPs)
             Began as a Gargoyle Berserker on Dec 6, 2022.
             Was a Believer of Trog.
             Mangled by a gnoll
             ... wielding a +0 halberd
              (13 damage)
             ... on level 2 of the Dungeon on Dec 7, 2022.
             The game lasted 00:04:31 (1474 turns).

KittyFluff the Trooper (Gargoyle Berserker)         Turns: 1474, Time: 00:04:32

Health: -6/60      AC:  8    Str: 21    XL:     6   Next: 21%
Magic:  6/6        EV: 12    Int:  7    God:    Trog [**....]
Gold:   79         SH:  0    Dex: 11    Spells: 5/5 levels left

rFire   . . .      SeeInvis .   i - +2 whip (elec)
rCold   . . .      Faith    .   (no shield)
rNeg    + . .      Spirit   .   h - +0 leather armour
rPois   ∞          Reflect  .   (no helmet)
rElec   +          Harm     .   e - +0 cloak
rCorr   .          Rampage  .   (no gloves)
Will    .....                   (no boots)
Stlth   ..........              (no amulet)
HPRegen 0.20/turn               (no ring)
MPRegen 0.10/turn               (no ring)

@: berserking (expiring), very quick
A: sickness immunity, AC +4, negative energy resistance 1, electricity
resistance, torment resistance 1, petrification resistance
a: Renounce Religion, Berserk, Trog's Hand


You were on level 2 of the Dungeon.
You worshipped Trog.
Trog was pleased with you.
You visited 1 branch of the dungeon, and saw 2 of its levels.

You collected 79 gold pieces.

Inventory:

Hand Weapons
 a - a +0 mace
 i - a +2 whip of electrocution (weapon)
 j - a +0 sling
Missiles
 c - a stone (quivered)
 f - 3 poisoned darts
Armour
 e - a +0 cloak (worn)
 h - a +0 leather armour (worn)
Wands
 k - a wand of roots (10)
 l - a wand of light (8)
Scrolls
 d - a scroll of identify {unknown}
 g - a scroll of enchant armour {unknown}
 o - a scroll of enchant weapon {unknown}
Potions
 m - a potion of magic {unknown}
 n - a potion of attraction {unknown}


   Skills:
 * Level 5.0 Fighting
 + Level 4.6 Maces & Flails
 * Level 3.2 Armour
 + Level 2.2 Dodging
 + Level 1.2 Stealth


You had 5 spell levels left.
You didn't know any spells.
Your spell library was empty.

Dungeon Overview and Level Annotations

Branches:
Dungeon (2/15)

Altars:

Annotations:
D:2 Natasha


Innate Abilities, Weirdness & Mutations

You are immune to sickness and miasma.
Your stone body is resilient. (AC +4)
You are immune to poison.
You resist negative energy. (rN+)
You are resistant to electric shocks. (rElec)
You are resistant to unholy torment.
You are immune to petrification.


Message History

You hit the gnoll.
You kill the gnoll!
Trog accepts your kill.
The gnoll hits you from afar with a +0 halberd.
Natasha casts a spell.
You hit the gnoll but do no damage. The gnoll closely misses you.
The gnoll barely misses you. The gnoll attacks as you move away!
The gnoll hits you but does no damage.
Natasha casts a spell.
You hit the gnoll.
The gnoll is lightly wounded.
You hit the gnoll but do no damage. Lightning courses through the gnoll!
The gnoll is almost dead.
The gnoll hits you with a +0 flail.
You whack the gnoll!
You kill the gnoll!
Trog accepts your kill.
A red film seems to cover your vision as you go berserk!
You feel yourself moving faster!
You feel mighty! The gnoll barely misses you.
You whack the gnoll!
The gnoll is severely wounded.
The gnoll barely misses you.
You hit the gnoll.
You kill the gnoll!
Trog accepts your kill.
Natasha zaps a wand.
The bolt of light hits you!
You are confused.
* * * LOW HITPOINT WARNING * * *
You bump into the rock wall.
You bump into the rock wall.
You feel a strong urge to attack something.
Natasha casts a spell.
You bump into the rock wall.
You feel less confused. The gnoll barely misses you.
You closely miss Natasha. The shadow imp barely misses you.
Natasha barely misses you.
You barely miss Natasha.
The gnoll hits you from afar with a +0 halberd!
You die...

# #...# #. #...########
.### #..........# ..#
..........# ##########.#
#........# ...........##
#........#
...(........######........#
............55gh@.........#
...........######5........#
...........# ##........#
....$......# #........#
...........# #.....†..#
.........gg# #.....[..#.#
..........g# ###..#.†...#
... .............
##...#####....
########....g. ###....#
....


You could see an iron imp (summoned), Natasha, a gnoll and 2 shadow imps.

Vanquished Creatures
  Sigmund (D:2)
  Natasha (D:2)
  3 gnolls (D:2)
  An adder (D:2)
  2 ball pythons (D:1)
  8 endoplasms
  A giant cockroach (D:1)
  2 goblins
  4 hobgoblins
  3 jackals (D:1)
  3 quokkas (D:1)
  A bat (D:1)
  2 kobolds (D:1)
  4 rats
36 creatures vanquished.

Notes
Turn   | Place    | Note
-------+----------+-------------------------------------------
     0 | D:1      | KittyFluff the Gargoyle Berserker began the quest for the
                  | Orb.
     0 | D:1      | Reached XP level 1. HP: 14/14 MP: 1/1
    60 | D:1      | Reached XP level 2. HP: 2/19 MP: 2/2
   606 | D:1      | Reached XP level 3. HP: 8/24 MP: 3/3
  1141 | D:2      | Noticed Sigmund
  1151 | D:2      | Killed Sigmund
  1152 | D:2      | Reached skill level 4 in Fighting
  1152 | D:2      | Reached XP level 4. HP: 25/30 MP: 4/4
  1152 | D:2      | Reached XP level 5. HP: 28/34 MP: 5/5
  1176 | D:2      | Reached ** piety under Trog
  1349 | D:2      | Noticed Natasha
  1354 | D:2      | Reached skill level 5 in Fighting
  1360 | D:2      | Killed Natasha
  1361 | D:2      | Reached skill level 1 in Stealth
  1361 | D:2      | Reached XP level 6. HP: 33/40 MP: 6/6
  1456 | D:2      | Noticed Natasha
  1474 | D:2      | Mangled by a gnoll

Illustrated notes

Levels and vault maps discovered:
D:1:      ncdulo_wetmaze, layout_rooms
D:2:      layout_basic, shapermc_ecumenical_altar_totnotflames, uniq_sigmund,
          uniq_natasha

Skill      XL: |  1  2  3  4  5 |
---------------+----------------+-----
Fighting       | 4 5 |  5.0
Maces & Flails | 4 |  4.6
Dodging        | 2 |  2.2
Armour         | 3 |  3.2
Stealth        | 1 |  1.2

Action                   |  1- 3 |  4- 6 || total
-------------------------+-------+-------++-------
Melee: Mace              |    69 |       ||    69
       Whip              |     5 |    34 ||    39
Invok: Berserk           |     1 |     1 ||     2
Armor: Animal skin       |    23 |     6 ||    29
       Leather armour    |       |     1 ||     1
Dodge: Dodged            |    54 |    28 ||    82
